 Dungeon Crawl Stone Soup version 0.24-a0-235-g3f03afc (webtiles) character file.

Game seed: 16694707608018529168

119 Mgcat the Skirmisher (level 5, 0/33 HPs)
             Began as a Gargoyle Skald on Apr 8, 2019.
             Slain by a gnoll
             ... wielding a +0 spear
              (3 damage)
             ... on level 2 of the Dungeon.
             The game lasted 00:04:04 (1542 turns).

Mgcat the Skirmisher (Gargoyle Skald)               Turns: 1542, Time: 00:04:05

Health: 0/33       AC:  9    Str: 15    XL:     5   Next: 3%
Magic:  1/8        EV: 11    Int: 14    God:
Gold:   49         SH:  0    Dex:  9    Spells: 3/8 levels left

rFire    . . .     SeeInvis .   e - +4 dagger
rCold    . . .     Gourm    .   (no shield)
rNeg     + . .     Faith    .   b - +0 leather armour
rPois    ∞         Spirit   .   (no helmet)
rElec    +         Reflect  .   f - +0 cloak
rCorr    .         Harm     .   i - +0 pair of gloves
MR       .....                  (no boots)
Stlth    +.........             (no amulet)
HPRegen  0.11/turn              (no ring)
MPRegen  0.11/turn              (no ring)

@: singing (expiring)
A: negative energy resistance 1, electricity resistance, unbreathing,
petrification resistance, rot immunity, AC +4
a: no special abilities


You were on level 2 of the Dungeon.
You were hungry.

You visited 1 branch of the dungeon, and saw 2 of its levels.

You collected 49 gold pieces.

Inventory:

Hand Weapons
 a - a +0 mace
 e - a +4 dagger (weapon)
   (You took it off a goblin on level 1 of the Dungeon)
Missiles
 c - 33 stones (quivered)
Armour
 b - a +0 leather armour (worn)
 f - a +0 cloak (worn)
   (You found it on level 1 of the Dungeon)
 i - a +0 pair of gloves (worn)
   (You found it on level 1 of the Dungeon)
Scrolls
 g - a scroll of blinking {unknown}
 h - a scroll of fear {unknown}
 k - a scroll of identify {unknown}
 o - a scroll of enchant weapon {unknown}
 p - a scroll of remove curse {unknown}
Potions
 j - a potion of curing {unknown}
 l - a potion of lignification {unknown}
 m - a potion of flight {unknown}
Comestibles
 d - a ration
 n - 2 chunks of flesh {@w0}


   Skills:
 + Level 4.2 Fighting
 + Level 3.8 Maces & Flails
 - Level 1.1 Armour
 - Level 1.5 Dodging
 - Level 2.0 Spellcasting
 - Level 2.6 Charms


You had 3 spell levels left.
You knew the following spells:

 Your Spells              Type           Power        Failure   Level  Hunger
a - Infusion              Chrm           #...         10%         1    ##.....
b - Song of Slaying       Chrm           #.......     14%         2    ###....
c - Shroud of Golubria    Chrm/Tloc      #.........   26%         2    ###....

Your spell library contained the following spells:

 Spells                   Type           Power        Failure   Level  Hunger
 Regeneration             Chrm/Necr      #.........   45%         3    ####...
 Spectral Weapon          Hex/Chrm       #.......     45%         3    ####...


Dungeon Overview and Level Annotations

Branches:
Dungeon (2/15)

Altars:
Hepliaklqana


Innate Abilities, Weirdness & Mutations

You are resistant to torment.
Your stone body is resilient. (AC +4)
You are immune to poison.
You resist negative energy. (rN+)
You are resistant to electric shocks. (rElec)
You can survive without breathing.
You are immune to petrification.
You are immune to rotting.


Message History

Confirm with . or Enter, or press ? or * to list all spells.
You miscast Song of Slaying.
You are very lightly contaminated with residual magic.
Nothing appears to happen.
You now have 5/7 mp.
Spoiler Alert: The gnoll can hit for moderate damage in melee, and throws nets!
Unknown command.
Unknown command.
Casting: Song of Slaying (safe; 14% risk of failure)
Confirm with . or Enter, or press ? or * to list all spells.
You start singing a song of slaying.
You are feeling hungry.
The gnoll closely misses you.
You now have 3/7 mp.
Warning x2: The gnoll can hit for moderate damage in melee, and throws nets! x2
Unknown command.
Unknown command.
You barely miss the gnoll. You hit the gnoll but do no damage.
Warning x3: The gnoll can hit for moderate damage in melee, and throws nets! x3
You hit the gnoll but do no damage. The gnoll closely misses you.
You barely miss the gnoll. The gnoll hits you but does no damage.
You barely miss the gnoll. The gnoll hits you but does no damage.
Casting: Song of Slaying (safe; 14% risk of failure)
Confirm with . or Enter, or press ? or * to list all spells.
You begin infusing your attacks with magical energy.
The gnoll barely misses you.
You now have 2/7 mp.
Warning x3: The gnoll can hit for moderate damage in melee, and throws nets! x3
Unknown command.
Unknown command.
You hit the gnoll!
The gnoll is severely wounded.
The gnoll barely misses you.
You now have 1/7 mp.
Warning x3: The gnoll can hit for moderate damage in melee, and throws nets! x3
You hit the gnoll!
You kill the gnoll!
Your Fighting skill increases to level 4!
Warning x2: The gnoll can hit for moderate damage in melee, and throws nets! x2
You hit the gnoll.
The gnoll is heavily wounded.
The gnoll closely misses you.
You now have 0/7 mp.
You hit the gnoll but do no damage.
The gnoll is heavily wounded.
The gnoll barely misses you.
A gnoll comes into view. It is wielding a +0 spear.
Warning x3: The gnoll can hit for moderate damage in melee, and throws nets! x3
You hit the gnoll.
The gnoll is severely wounded.
The gnoll barely misses you. The gnoll hits you but does no damage.
You hit the gnoll.
The gnoll is severely wounded.
The gnoll hits you.
The gnoll hits you from afar with a +0 spear.
You take 5 damage, and have 24/29 hp.
Warning x3: The gnoll can hit for moderate damage in melee, and throws nets! x3
You hit the gnoll.
The gnoll is almost dead.
The gnoll hits you but does no damage. The gnoll barely misses you.
You puncture the gnoll!
You kill the gnoll!
Your magical infusion is running out.
The gnoll closely misses you.
Warning x2: The gnoll can hit for moderate damage in melee, and throws nets! x2
You hit the gnoll.
The gnoll is moderately wounded.
The gnoll hits you from afar with a +0 spear.
The gnoll hits you with a +0 flail.
You take 6 damage, and have 19/29 hp.
MASSIVE DAMAGE!!
You hit the gnoll.
The gnoll is almost dead.
The gnoll barely misses you. The gnoll hits you with a +0 flail.
You take 4 damage, and have 15/29 hp.
Warning x2: The gnoll can hit for moderate damage in melee, and throws nets! x2
You hit the gnoll.
You kill the gnoll!
You have reached level 5!
The gnoll hits you from afar with a +0 spear!
You take 5 damage, and have 10/33 hp.
The gnoll hits you with a +0 spear.
* * * LOW HITPOINT WARNING * * *
Things that are here:
a +0 flail; a gnoll corpse You take 6 damage, and have 4/33 hp.
Spoiler Alert: The gnoll can hit for moderate damage in melee, and throws nets!
You hit the gnoll.
The gnoll is heavily wounded.
The gnoll hits you with a +0 spear.
* * * LOW HITPOINT WARNING * * *
Your magical contamination has completely faded away.
You take 1 damage, and have 3/33 hp.
Spoiler Alert: The gnoll can hit for moderate damage in melee, and throws nets!
You barely miss the gnoll.
The gnoll is heavily wounded.
You are no longer magically infusing your attacks.
Your song is almost over.
The gnoll hits you with a +0 spear.
You die...

.##.#.###..#####
..#...#⌠#.....#
..#.#.###..##.# ##
....#......##.# ..
..#.#......##.# .#
..#.####..###.# .#
..#.# #..# #.# .#
..#.# #.## #.###g###
..#.####.# #...@...#
>........####.#######
.##...........#
.############.# .#
#.# .############.#
...).......##.#
#########.###.# # #.#
#.#


You could see a gnoll.

Vanquished Creatures
  Jessica (D:2)
  Natasha (D:2)
  3 gnolls (D:2)
  A worm (D:2)
  A dart slug (D:1)
  3 leopard geckos
  A giant cockroach (D:1)
  3 goblins
  7 hobgoblins
  4 bats (D:1)
  3 frilled lizards (D:1)
  4 kobolds
  3 rats (D:1)
35 creatures vanquished.

Notes
Turn   | Place    | Note
-------+----------+-------------------------------------------
     0 | D:1      | Mgcat the Gargoyle Skald began the quest for the Orb.
     0 | D:1      | Reached XP level 1. HP: 12/12 MP: 3/3
    22 | D:1      | Reached XP level 2. HP: 16/18 MP: 0/5
   224 | D:1      | Learned a level 2 spell: Song of Slaying
   227 | D:1      | Learned a level 2 spell: Shroud of Golubria
   586 | D:1      | Reached skill level 3 in Fighting
   602 | D:1      | Reached XP level 3. HP: 19/23 MP: 6/6
  1089 | D:2      | Found a hazy altar of Hepliaklqana.
  1218 | D:2      | Noticed Natasha
  1218 | D:2      | Noticed Jessica
  1225 | D:2      | Killed Jessica
  1225 | D:2      | Reached skill level 3 in Maces & Flails
  1225 | D:2      | Reached XP level 4. HP: 28/28 MP: 0/7
  1234 | D:2      | Killed Natasha
  1530 | D:2      | Reached skill level 4 in Fighting
  1539 | D:2      | Reached XP level 5. HP: 17/33 MP: 0/8
  1540 | D:2      | HP: 4/33 [gnoll/+0 spear (6)]
  1542 | D:2      | Slain by a gnoll

Levels and vault maps discovered:
D:1:      nicolae_arrival_memento_mori, layout_basic, minmay_cut_off
D:2:      layout_basic, old_standard_altar, serial_glass, glass_columns_c,
          glass_columns_b, glass_columns_c, glass_columns_b, glass_columns_a,
          glass_columns_a, item_on_display_a, due_unseen_surprise,
          feat_on_display, feat_on_display, uniq_natasha, uniq_jessica

Skill      XL: |  1  2  3  4 |
---------------+-------------+-----
Fighting       | 3 4 |  4.2
Maces & Flails | 3 |  3.8
Armour         | |  1.1
Dodging        | |  1.5
Spellcasting   | |  2.0
Charms         | |  2.6

Action                   |  1- 3 |  4- 6 || total
-------------------------+-------+-------++-------
Melee: Mace              |    10 |       ||    10
       Dagger            |    54 |    40 ||    94
 Cast: Infusion          |     5 |     1 ||     6
       Shroud of Golubri |     2 |       ||     2
       Song of Slaying   |       |     1 ||     1
  Eat: Chunk             |     1 |     1 ||     2
Armor: Leather armour    |    22 |     8 ||    30
Dodge: Dodged            |    43 |    17 ||    60

Table legend:
 A = Non-vault XP
 B = Vault XP
 C = Vault XP percentage of total XP
 D = Non-vault monster count
 E = Vault monster count
 F = Vault count percentage of total count
                 A         B        C        D         E       F
            +---------+---------+-------+---------+---------+-------
      Total |      97 |      74 |  43.3 |      31 |       4 |  11.4
            +---------+---------+-------+---------+---------+-------
        D:1 |      41 |       2 |   4.7 |      23 |       2 |   8.0
        D:2 |      56 |      72 |  56.2 |       8 |       2 |  20.0
            +---------+---------+-------+---------+---------+-------

Levels and vault maps discovered:
D:1:      nicolae_arrival_memento_mori, layout_basic, minmay_cut_off
D:2:      layout_basic, old_standard_altar, serial_glass, glass_columns_c,
          glass_columns_b, glass_columns_c, glass_columns_b, glass_columns_a,
          glass_columns_a, item_on_display_a, due_unseen_surprise,
          feat_on_display, feat_on_display, uniq_natasha, uniq_jessica

Table legend:
 A = Turns spent in this place as a percentage of turns spent in the entire game.
 B = Non-inter-level travel turns spent in this place as a percentage of non-inter-level travel turns spent in the entire game.
 C = Inter-level travel turns spent in this place as a percentage of turns spent in this place.
 D = Turns resting spent in this place as a percentage of non-inter-level travel turns spent in this place.
 E = Turns spent auto-exploring this place as a percentage of non-inter-level travel turns spent in this place.
 F = Non-inter-level travel turns spent in this place divided by the number of levels of this place that you've seen.
                   A       B       C       D       E      F
               +-------+-------+-------+-------+-------+----------------------
         Total | 100.0 | 100.0 |   1.1 |  17.8 |  65.5 | 762.5
       Dungeon | 100.0 | 100.0 |   1.1 |  17.8 |  65.5 | 762.5
               +-------+-------+-------+-------+-------+----------------------

Table legend:
 A = Kills in this place as a percentage of kills in entire the game.
 B = Kills by you in this place as a percentage of kills by you in the entire game.
 C = Kills by friends in this place as a percentage of kills by friends in the entire game.
 D = Other kills in this place as a percentage of other kills in the entire game.
 E = Experience gained in this place as a percentage of experience gained in the entire game.
 F = Experience gained in this place divided by the number of levels of this place that you have seen.
                   A       B       C       D       E      F
               +-------+-------+-------+-------+-------+----------------------
         Total | 100.0 | 100.0 |   N/A |   N/A | 100.0 |  85.5
       Dungeon | 100.0 | 100.0 |   N/A |   N/A | 100.0 |  85.5
               +-------+-------+-------+-------+-------+----------------------
